 Dungeon Crawl Stone Soup version 0.29.0-11-gd7f09526c8 (webtiles) character file.

Game seed: 6034185544707065004

11265 Arum the Fighter (level 12, -9/108 HPs)
             Began as a Formicid Fighter on Sept 2, 2022.
             Was a Priest of Ashenzari.
             Mangled by an ogre mage
             ... wielding a +0 halberd
              (10 damage)
             ... on level 10 of the Dungeon.
             The game lasted 00:20:28 (8436 turns).

Arum the Fighter (Formicid Fighter)                 Turns: 8436, Time: 00:20:29

Health: -9/108     AC: 16    Str: 27    XL:     12   Next: 5%
Magic:  12/12      EV: 14    Int: 13    God:    Ashenzari [***...]
Gold:   397        SH:  5    Dex: 13    Spells: 11/11 levels left

rFire   . . .      SeeInvis +   a - +0 war axe (vamp)
rCold   . . .      Faith    .   c - +0 buckler of the Wild Blue Yonder {Range, Fort} (curse)
rNeg    . . .      Spirit   .   b - +0 scale mail of the Fated Mysticism {Self, Comp} (curse)
rPois   .          Reflect  .   (helmet unavailable)
rElec   .          Harm     .   M - +2 cloak
rCorr   .          Rampage  .   J - +0 pair of gloves of Ashenzari's Seer {Cun, Melee} (curse)
Will    +....      Clarity  +   K - +0 pair of boots
Stlth   ..........              l - amulet of regeneration
HPRegen 1.08/turn               v - ring "Visionary of Ashenzari" {EV+4, Elem, Cun} (curse)
MPRegen 0.13/turn               r - ring "Ruined Portent" {Int+6, Comp, Self} (curse)

@: no status effects
A: permanent stasis, dig shafts and tunnels, antennae 3, four strong arms
a: Dig, Shaft Self, Renounce Religion, Curse Item, Shatter the Chains


You were on level 10 of the Dungeon.
You worshipped Ashenzari.
Ashenzari was most pleased with you.
You visited 1 branch of the dungeon, and saw 10 of its levels.
You also visited: Sewer and Ossuary.

You collected 631 gold pieces.
You spent 234 gold pieces at shops.

Inventory:

Hand Weapons
 a - a +0 vampiric war axe (weapon)
 B - the +6 executioner's axe of Anguish {freeze, rElec Will+}
   (You acquired it on level 5 of the Dungeon)

   It freezes those it strikes, dealing additional cold damage.
   It can also slow down cold-blooded creatures.
   rElec:     It insulates you from electricity.
   Will:      It increases your willpower.
 E - a +1 battleaxe of venom
Armour
 b - the cursed +0 scale mail of the Fated Mysticism (worn) {Self, Comp}

   It has a curse which improves the following skills: Introspection: Fighting
   and Spellcasting.
   Companions: Summonings and Necromancy.
 c - the cursed +0 buckler of the Wild Blue Yonder (worn) {Range, Fort}

   It has a curse which improves the following skills: Ranged Combat: Ranged
   Weapons and Throwing.
   Fortitude: Armour and Shields.
 k - a +0 plate armour
 J - the cursed +0 pair of gloves of Ashenzari's Seer (worn) {Cun, Melee}
   (You found it on level 7 of the Dungeon)

   It has a curse which improves the following skills: Cunning: Dodging and
   Stealth.
   Melee Combat: Short Blades, Long Blades, Axes, Maces & Flails, Polearms,
   Staves and Unarmed Combat.
 K - a +0 pair of boots (worn)
 M - a +2 cloak (worn)
 O - a +2 chain mail of fire resistance
Jewellery
 l - an amulet of regeneration (around neck)
 r - the cursed ring "Ruined Portent" (right hand) {Int+6, Comp, Self}
   (You found it on level 3 of the Dungeon)

   [ring of intelligence]

   Int:       It affects your intelligence (+6).
   It has a curse which improves the following skills: Companions: Summonings
   and Necromancy.
   Introspection: Fighting and Spellcasting.
 u - an amulet of the acrobat
 v - the cursed ring "Visionary of Ashenzari" (left hand) {EV+4, Elem, Cun}
   (You found it on level 4 of the Dungeon)

   [ring of evasion]

   EV:        It affects your evasion (+4).
   It has a curse which improves the following skills: Elements: Fire Magic, Ice
   Magic, Air Magic and Earth Magic.
   Cunning:   Dodging and Stealth.
 G - a ring of fire
 I - a ring of willpower
 N - a ring of willpower
 P - a +6 ring of strength
Wands
 i - a wand of polymorph (15)
 n - a wand of paralysis (10)
 q - a wand of iceblast (14)
 t - a wand of mindburst (28)
 x - a wand of flame (6)
 F - a wand of digging (14)
Scrolls
 h - 5 scrolls of fog
 j - 4 scrolls of vulnerability
 p - 4 scrolls of poison
 y - 3 scrolls of enchant weapon
 z - 3 scrolls of summoning
 D - 3 scrolls of immolation
 L - a scroll of enchant armour
Potions
 d - 3 potions of might
 e - 8 potions of curing
 f - 3 potions of lignification
 g - a potion of ambrosia
 m - 2 potions of brilliance
 o - 3 potions of mutation
 w - 7 potions of flight
 A - 4 potions of attraction
 C - a potion of invisibility
 H - 3 potions of cancellation


   Skills:
 + Level 12.1(14.4) Fighting
 + Level 10.8(12.4) Axes
 + Level 12.1(13.6) Armour
 - Level 4.0(5.5) Shields


You had 11 spell levels left.
You didn't know any spells.
Your spell library contained the following spells:

 Spells                   Type           Power      Damage    Failure   Level
 Shock                    Conj/Air       0%         1d3       54%         1
 Apportation              Tloc           0%         N/A       56%         1
 Beastly Appendage        Tmut           0%         N/A       56%         1
 Sting                    Tmut/Pois      0%         1d3       56%         1
 Poisonous Vapours        Pois/Air       0%         N/A       67%         2
 Wereblood                Tmut           0%         N/A       71%         2
 Spider Form              Tmut/Pois      0%         N/A       90%         3
 Airstrike                Air            0%         2d(0-16)  99%         4
 Olgreb's Toxic Radiance  Pois           0%         N/A       100%        4
 Alistair's Intoxication  Tmut/Pois      0%         N/A       100%        5
 Summon Forest            Summ/Tloc      0%         N/A       100%        5
 Summon Mana Viper        Hex/Summ       0%         N/A       100%        5
 Summon Cactus Giant      Summ           0%         N/A       100%        6
 Chain Lightning          Conj/Air       0%         N/A       100%        9
 Fire Storm               Conj/Fire      0%         5d1       100%        9
 Shatter                  Erth           0%         3d5*      100%        9
 Swiftness                Air            Unusable   N/A       N/A         3

Dungeon Overview and Level Annotations

Branches:
Dungeon (10/15)            Temple (0/1) D:7            Lair (0/5) D:8
    Orc (0/2) D:10          Sewer (visited)         Ossuary (visited)

Altars:
Ashenzari
Cheibriados
Hepliaklqana
Qazlal
Sif Muna

Shops:
D:1 !   D:10 [!


Innate Abilities, Weirdness & Mutations

You cannot be hasted, slowed, berserked, paralysed or teleported.
You can dig through walls and to a lower floor.
You have a pair of large antennae on your head. (SInv)
Your four strong arms can wield two-handed weapons with a shield.


Message History

The white ugly thing is severely wounded.
The white ugly thing trunk-slaps you. The white ugly thing freezes you!!
The ogre mage hits you from afar with a +0 halberd!
You are too injured to fight recklessly!
You are too injured to fight recklessly!
You are too injured to fight recklessly!
You are too injured to fight recklessly!
You are too injured to fight recklessly!
You are too injured to fight recklessly!
Unknown command.
You barely miss the white ugly thing.
The white ugly thing is severely wounded.
The centaur warrior wields a +0 longbow.
The centaur warrior shoots an arrow.
The arrow hits you!!
* * * LOW HITPOINT WARNING * * *
The white ugly thing barely misses you. The ogre mage barely misses you.
Unknown command.
You feel much better.
The centaur warrior shoots an arrow.
The arrow hits you!
* * * LOW HITPOINT WARNING * * *
The white ugly thing barely misses you.
The centaur warrior shoots an arrow.
The arrow barely misses you.
Unknown command.
The centaur warrior unwields a +0 longbow.
The centaur warrior closely misses you.
The centaur warrior kicks you but does no damage.
The white ugly thing barely misses you.
The ogre mage gestures wildly while chanting.
The ogre mage flickers and vanishes for a moment.
A slime creature comes into view.
Unknown command.
You slash the centaur warrior!
The centaur warrior is lightly wounded.
You slash the white ugly thing!
You feel better. The centaur warrior hits you.
* * * LOW HITPOINT WARNING * * *
The centaur warrior barely misses you. The white ugly thing trunk-slaps you!
* * * LOW HITPOINT WARNING * * *
The white ugly thing freezes you!!
* * * LOW HITPOINT WARNING * * *
The ogre mage hits you from afar with a +0 halberd!
You die...

≈≈#≈≈
#....~..~≈≈≈≈≈≈~≈~≈≈~≈≈≈≈≈
##**#.......~.≈≈≈≈≈≈≈≈≈≈≈≈≈≈≈≈
#.........~~~##~≈≈≈≈≈ ≈≈≈≈
#..........≈##*.~~≈≈~ ≈≈≈≈
#..........#* ~ ~ ≈≈#≈
#..........# #### #..........#
# #.........)## #
#........@uO# #.........c..# ,
* #.........p...... ,
#########.####.## ,* #.#{ ,,..
* #.#{ ,,. #.# ,{, ,, #.J , ,
*


You could see a white ugly thing, a slime creature, a centaur warrior, an ogre
mage (invisible) and a human.

Vanquished Creatures
  A fire dragon (D:8)
  Erica (D:8)
  A two-headed ogre (D:9)
  An orc knight (D:10)
  Maurice (D:8)
  An unseen horror (D:9)
  2 trolls (D:10)
  Grinder (D:4)
  A shadow (D:9)
  3 wraiths
  2 wyverns
  2 steam dragons (D:10)
  2 yaks (D:10)
  A redback (shapeshifter) (D:10)
  Menkaure (Ossuary)
  2 acid dragons
  A vampire mosquito (D:10)
  3 water moccasins
  3 ice beasts
  2 black bears (D:7)
  8 orc warriors
  2 ogres (D:5)
  3 centaurs
  2 phantoms (D:5)
  5 kobold brigands
  6 scorpions
  2 bullfrogs (D:9)
  7 wights
  19 killer bees
  3 howler monkeys
  2 electric eels (D:10)
  4 hounds
  An iron imp (D:3)
  12 orc priests
  2 gnoll boudas
  3 iguanas
  Ijyb (D:5)
  17 orc wizards
  3 mummies (Ossuary)
  6 gnolls
  14 adders
  3 river rats
  2 shadow imps
  An ufetubus (D:5)
  5 worms
  39 orcs
  6 ball pythons
  5 endoplasms
  6 giant cockroaches
  A gnoll zombie (Ossuary)
  7 hobgoblins
  8 jackals
  5 quokkas
  11 bats
  4 frilled lizards
  5 gnoll skeletons (Ossuary)
  10 goblins
  A goblin skeleton (Ossuary)
  3 goblin zombies (Ossuary)
  4 hobgoblin skeletons (Ossuary)
  3 hobgoblin zombies (Ossuary)
  15 kobolds
  A kobold skeleton (Ossuary)
  6 kobold zombies (Ossuary)
  5 orc skeletons (Ossuary)
  5 orc zombies (Ossuary)
  4 rats
  9 rat skeletons (Ossuary)
  7 rat zombies (Ossuary)
335 creatures vanquished.

Vanquished Creatures (others)
  2 orc wizards
2 creatures vanquished.

Grand Total: 337 creatures vanquished

Notes
Turn   | Place    | Note
-------+----------+-------------------------------------------
     0 | D:1      | Arum the Formicid Fighter began the quest for the Orb.
     0 | D:1      | Reached XP level 1. HP: 18/18 MP: 1/1
    27 | D:1      | Found Asebexzi's Distillery.
   296 | D:1      | Reached XP level 2. HP: 20/24 MP: 2/2
  1061 | D:2      | Reached XP level 3. HP: 30/30 MP: 3/3
  1358 | D:2      | Found a broken altar of Ashenzari.
  1373 | D:2      | Became a worshipper of Ashenzari the Shackled
  1586 | D:3      | Reached XP level 4. HP: 23/37 MP: 4/4
  1624 | D:3      | Reached XP level 5. HP: 35/43 MP: 5/5
  1862 | D:3      | Found a snail-covered altar of Cheibriados.
  2142 | D:4      | Reached XP level 6. HP: 49/49 MP: 6/6
  2248 | D:4      | Found a glowing drain.
  2253 | Sewer    | Entered a sewer
  2396 | Sewer    | Reached skill level 5 in Fighting
  2422 | Sewer    | Reached * piety under Ashenzari
  2460 | Sewer    | Reached skill level 5 in Armour
  2905 | D:4      | Reached XP level 7. HP: 55/57 MP: 7/7
  3369 | D:5      | Entered Level 5 of the Dungeon
  3369 | D:5      | Noticed Grinder
  3369 | D:5      | Found a sand-covered staircase.
  3371 | D:5      | Noticed Ijyb
  3404 | D:4      | Killed Grinder
  3405 | D:4      | Reached skill level 5 in Axes
  3405 | D:4      | Reached XP level 8. HP: 42/67 MP: 8/8
  3442 | D:5      | Killed Ijyb
  3454 | Ossuary  | Entered an ossuary
  3557 | Ossuary  | Reached ** piety under Ashenzari
  3773 | Ossuary  | Identified a scroll of acquirement
  3799 | Ossuary  | Noticed Menkaure
  3807 | Ossuary  | Killed Menkaure
  3875 | D:5      | Acquired a +1 battleaxe of venom
  3877 | D:5      | Acquired the +6 executioner's axe of Anguish {freeze, rElec
                  | Will+}
  3939 | D:5      | Reached XP level 9. HP: 74/76 MP: 9/9
  4126 | D:5      | Reached *** piety under Ashenzari
  4153 | D:5      | Identified the +4 long sword of Dithmenos, Mashing {elec,
                  | Fragile rF+++ Will+}
  4215 | D:5      | Found a broken altar of Ashenzari.
  4365 | D:6      | Found a hazy altar of Hepliaklqana.
  5266 | D:7      | Reached XP level 10. HP: 88/88 MP: 10/10
  5623 | D:7      | Found a staircase to the Ecumenical Temple.
  6152 | D:8      | Noticed Maurice
  6158 | D:8      | Noticed Erica
  6176 | D:8      | Found a staircase to the Lair.
  6176 | D:8      | Noticed a fire dragon
  6197 | D:7      | Identified the cursed +0 buckler of the Wild Blue Yonder
                  | {Range, Fort}
  6197 | D:7      | Identified the cursed +0 scale mail of the Fated Mysticism
                  | {Self, Comp}
  6197 | D:7      | Identified the cursed ring "Visionary of Ashenzari" {EV+4,
                  | Elem, Cun} (You found it on level 4 of the Dungeon)
  6197 | D:7      | Identified the cursed ring "Ruined Portent" {Int+6, Comp,
                  | Self} (You found it on level 3 of the Dungeon)
  6464 | D:8      | Killed a fire dragon
  6465 | D:8      | Reached skill level 10 in Fighting
  6465 | D:8      | Reached skill level 10 in Armour
  6483 | D:8      | Killed Maurice
  6488 | D:8      | Killed Erica
  6489 | D:8      | Reached XP level 11. HP: 79/97 MP: 11/11
  6527 | D:8      | Found a stormy altar of Qazlal.
  6617 | D:9      | Noticed a two-headed ogre
  6627 | D:9      | Killed a two-headed ogre
  6821 | D:9      | Reached skill level 10 in Axes
  7460 | D:9      | Found a shimmering blue altar of Sif Muna.
  7498 | D:10     | Entered Level 10 of the Dungeon
  7596 | D:10     | Found a staircase to the Orcish Mines.
  7596 | D:10     | Found Qisk's Armour Shoppe.
  7750 | D:10     | Found Xavver's Distillery.
  7758 | D:10     | Bought a potion of curing for 39 gold pieces
  7758 | D:10     | Bought a potion of heal wounds for 65 gold pieces
  7758 | D:10     | Bought a potion of might for 52 gold pieces
  7758 | D:10     | Bought a potion of curing for 39 gold pieces
  7758 | D:10     | Bought a potion of curing for 39 gold pieces
  8058 | D:10     | Noticed an orc knight
  8129 | D:10     | Killed an orc knight
  8130 | D:10     | Reached XP level 12. HP: 23/108 MP: 12/12
  8424 | D:10     | Noticed an ogre mage
  8427 | D:10     | Noticed a centaur warrior
  8436 | D:10     | HP: 1/108 [white ugly thing (19)]
  8436 | D:10     | Mangled by an ogre mage

Illustrated notes

Levels and vault maps discovered:
D:1:      minmay_arrival_nine_rooms, layout_basic, serial_shops, shop
D:2:      layout_rooms, basic_altar
D:3:      layout_rooms, chei_slow_surprise
D:4:      layout_rooms, lightli_sewer_entry_pipes
D:5:      layout_rooms, general_overflow_altar, nicolae_ossuary_entry_ruins,
          kennysheep_generic_room_9, uniq_grinder, uniq_ijyb
D:6:      layout_loops_cross, mainiacjoe_overflow_small_starburst
D:7:      layout_basic, minmay_temple_entry_poolview, grunt_ministairs_7
D:8:      layout_basic, grunt_qazlal_sundering, minmay_lair_entry_lava,
          uniq_maurice, uniq_erica
D:9:      layout_basic, overflow_temple_1_default, kennysheep_decorative_pillar,
          wad_rectangle_vault
D:10:     kennysheep_windowed_halls, layout_basic, orc_david_3, serial_shops,
          shop_statue, minivault_28

Skill      XL: |  1  2  3  4  5  6  7  8  9 10 11 |
---------------+----------------------------------+-----
Armour         | 4 5 6 7 9 10 12 | 12.1
Fighting       | 4 5 6 7 8 10 12 | 12.1
Axes           | 3 4 5 6 7 9 10 | 10.8
Shields        | |  4.0

Action                   |  1- 3 |  4- 6 |  7- 9 | 10-12 || total
-------------------------+-------+-------+-------+-------++-------
Melee: War axe           |    68 |   190 |   363 |   398 ||  1019
       Battleaxe         |       |       |       |     9 ||     9
Invok: Curse Item        |       |     2 |     2 |     1 ||     5
 Abil: Dig               |       |     1 |     1 |       ||     2
Evoke: Wand              |       |       |     4 |       ||     4
  Use: Scroll            |       |     1 |     2 |       ||     3
       Potion            |       |       |       |     9 ||     9
 Stab: Distracted        |       |       |     1 |       ||     1
Armor: Scale mail        |    47 |    98 |   102 |   185 ||   432
Dodge: Dodged            |    45 |   155 |   219 |   328 ||   747
Block: Buckler           |    28 |    48 |    93 |   142 ||   311
